 Dungeon Crawl Stone Soup version 0.29.0-7-g18a832c13a (webtiles) character file.

Game seed: 9950755844978756036

207 ProzacElf the Sneak (level 6, 0/48 HPs)
             Began as a Kobold Necromancer on Aug 30, 2022.
             Was a Follower of Trog.
             Slain by an orc
             ... wielding a +0 dagger
              (2 damage)
             ... on level 4 of the Dungeon.
             The game lasted 00:07:46 (3362 turns).

ProzacElf the Sneak (Kobold Necromancer)            Turns: 3362, Time: 00:07:46

Health: 0/48       AC:  6    Str:  7    XL:     6   Next: 10%
Magic:  9/9        EV: 12    Int: 17    God:    Trog [*.....]
Gold:   183        SH:  0    Dex: 15    Spells: 9/10 levels left

rFire   . . .      SeeInvis .   a - +1 mace (drain)
rCold   + . .      Faith    .   (no shield)
rNeg    . . .      Spirit   .   p - +0 ring mail
rPois   .          Reflect  .   (no helmet)
rElec   .          Harm     .   (no cloak)
rCorr   .          Rampage  .   (no gloves)
Will    .....                   e - +0 pair of boots
Stlth   ..........              m - amulet of magic regeneration
HPRegen 0.16/turn               s - ring of protection from cold
MPRegen 0.51/turn               (no ring)

@: berserking (expiring), very quick
A: small, no large weapons, nightstalker 3
a: Renounce Religion, Berserk


You were on level 4 of the Dungeon.
You worshipped Trog.
Trog was aware of your devotion.
You visited 1 branch of the dungeon, and saw 5 of its levels.

You collected 183 gold pieces.

Inventory:

Hand Weapons
 a - a +1 mace of draining (weapon)
 b - a +0 dagger
 h - a +0 hand axe
 u - a +0 short sword
Missiles
 r - 4 poisoned darts (quivered)
Armour
 e - a +0 pair of boots (worn)
 f - a +0 robe
 p - a +0 ring mail (worn)
Jewellery
 m - an amulet of magic regeneration (around neck)
 s - a ring of protection from cold (left hand)
Scrolls
 c - a scroll of magic mapping {unknown}
 d - a scroll of vulnerability {unknown}
 i - a scroll of teleportation {unknown}
 k - 2 scrolls of identify {unknown}
 q - 2 scrolls of immolation {unknown}
 t - 3 scrolls of blinking {unknown}
 v - a scroll of amnesia {unknown}
Potions
 g - 6 potions of curing {unknown}
 j - a potion of magic
 l - a potion of lignification {unknown}
 n - a potion of resistance {unknown}
 o - a potion of mutation {unknown}


   Skills:
 - Level 5.0 Short Blades
 + Level 1.4 Maces & Flails
 - Level 2.4 Dodging
 - Level 5.0 Stealth
 - Level 2.5 Spellcasting
 - Level 4.1 Necromancy


You had 9 spell levels left.
You knew the following spells:

 Your Spells              Type           Power      Damage    Failure   Level
a - Necrotise             Necr           64%        1d7       12%         1

Your spell library contained the following spells:

 Spells                   Type           Power      Damage    Failure   Level
 Vampiric Draining        Necr           16%        2d7       36%         3
 Animate Dead             Necr           16%        N/A       77%         4
 Agony                    Necr           16%        N/A       98%         5


Dungeon Overview and Level Annotations

Branches:
Dungeon (5/15)
 Temple: D:4-7

Altars:
Cheibriados
Ru
Trog

Annotations:
D:2 Sigmund


Innate Abilities, Weirdness & Mutations

You are small and have problems with some larger weapons.
You are completely attuned to the shadows.


Message History

Ye take 5 damage, an' haf 17/40 hp.
Tha orc hits ye but does nay damage. x2; Somethin' hits ye.
Ye take 2 damage, an' haf 15/40 hp.
Ye hit tha necrophage.
Tha necrophage be almost destroyed.
Tha orc hits ye but does nay damage.
Tha orc barely misses ye.
Tha necrophage barely misses ye.
Somethin' hits ye.
* * * LOW HITPOINT WARNIN'
* * * Ye take 3 damage, an' haf 12/40 hp.
Ye miss tha orc.
Tha orc hits ye but does nay damage. x2
Tha necrophage closely misses ye.
Somethin' hits ye.
* * * LOW HITPOINT WARNIN'
* * * Ye take 3 damage, an' haf 9/40 hp.
Ye completely miss tha necrophage.
Tha necrophage be almost destroyed.
Tha orc hits ye but does nay damage.
Tha orc closely misses ye.
Ye barely miss tha necrophage.
Tha necrophage be almost destroyed.
Ye feel less confused.
Somethin' hits ye.
* * * LOW HITPOINT WARNIN'
* * * Tha necrophage hits ye.
* * * LOW HITPOINT WARNIN'
* * * Tha orc barely misses ye.
Ye take 4 damage, an' haf 5/40 hp.
Ye sock tha necrophage!
Ye destroy tha necrophage!
Trog accepts yer kill.
Somethin' hits ye.
* * * LOW HITPOINT WARNIN'
* * * Tha orc hits ye but does nay damage.
Tha orc barely misses ye.
Yer life force feels restored.
Trainin' target 5.0 fer Short Blades reached!
Yer Short Blades skill increases ta level 5!
Yer Maces & Flails skill increases ta level 1!
Ye haf reached level 6!
Ye take 3 damage, an' haf 2/48 hp.
MP restored: 9 Ye barely miss tha orc.
Tha orc hits ye wit' a +0 dagger.
Ye die...

#........
#........
#........
#...$....
#........
#........
#........
#o{).......#
#@o........#
#o.........#
#.........#
#.........#
#....##...##
#....##....#
#.........##
#.........#
#.........##


You could see 3 orcs.

Vanquished Creatures
  A necrophage (D:4)
  An orc priest (D:3)
  An orc wizard (D:3)
  3 adders
  A dart slug (D:1)
  4 orcs
  4 ball pythons
  3 endoplasms
  2 giant cockroaches
  4 goblins
  8 hobgoblins
  6 kobolds
  2 quokkas (D:1)
  9 bats
  4 frilled lizards
  5 rats
58 creatures vanquished.

Vanquished Creatures (collateral kills)
  A ball python (D:1)
  A spectral goblin (D:2)
2 creatures vanquished.

Grand Total: 60 creatures vanquished

Notes
Turn   | Place    | Note
-------+----------+-------------------------------------------
     0 | D:1      | ProzacElf the Kobold Necromancer began the quest for the
                  | Orb.
     0 | D:1      | Reached XP level 1. HP: 10/10 MP: 3/3
    93 | D:1      | Reached XP level 2. HP: 15/15 MP: 1/5
   513 | D:1      | Reached XP level 3. HP: 15/19 MP: 6/6
  1002 | D:2      | Noticed Sigmund
  1024 | D:2      | Reached skill level 5 in Stealth
  1409 | D:2      | Found a snail-covered altar of Cheibriados.
  1433 | D:2      | Found a faded altar of an unknown god.
  1441 | D:2      | Prayed at the altar of an unknown god.
  1441 | D:2      | Became a worshipper of Trog the Wrathful
  1441 | D:2      | Reached * piety under Trog
  1493 | D:2      | Reached skill level 1 in Short Blades
  1493 | D:2      | Reached XP level 4. HP: 24/24 MP: 7/7
  2153 | D:3      | Reached XP level 5. HP: 23/28 MP: 8/8
  2789 | D:3      | Found a faded altar of an unknown god.
  2800 | D:3      | Found a sacrificial altar of Ru.
  3349 | D:5      | Entered Level 5 of the Dungeon
  3349 | D:5      | Noticed a phantom
  3361 | D:4      | HP: 2/40 [something (3)]
  3362 | D:4      | Reached skill level 5 in Short Blades
  3362 | D:4      | Reached skill level 1 in Maces & Flails
  3362 | D:4      | Reached XP level 6. HP: 2/32 MP: 9/9
  3362 | D:4      | Slain by an orc

Illustrated notes

Levels and vault maps discovered:
D:1:      psy_arrival_terrarium, layout_basic
D:2:      layout_loops_ring, dreamdust_ecumenical_altar_drowned_temple,
          basic_altar, grunt_ministairs_12, uniq_sigmund
D:3:      layout_basic, nicolae_overflow_ecumenical_swirl, serial_aquarium,
          aquarium_bridge_long_separate [aquarium_subvault_bridge,
          aquarium_subvault_balcony, aquarium_subvault_bridge,
          aquarium_subvault_wall, aquarium_subvault_window,
          aquarium_subvault_bridge], aquarium_window_fake, aquarium_window_fake,
          aquarium_view_2c, hex_tiny
D:4:      layout_gridville, minmay_puff
D:5:      layout_rooms, serial_shops, nicolae_stop_n_shop_1, nicolae_shop_stone,
          nicolae_take_the_stairs, shop_fountains, nicolae_diamond_shop,
          serial_aquarium, aquarium_bridge_straight [aquarium_subvault_bridge,
          aquarium_subvault_window, aquarium_subvault_bridge,
          aquarium_subvault_wall], aquarium_window_fake, aquarium_window_2,
          aquarium_view_2d, nicolae_shop_self_help

Skill      XL: |  1  2  3  4  5 |
---------------+----------------+-----
Stealth        | 3 4 5 |  5.0
Short Blades   | 1 3 5 |  5.0
Maces & Flails | 1 |  1.4
Dodging        | |  2.4
Spellcasting   | |  2.5
Necromancy     | |  4.1

Action                   |  1- 3 |  4- 6 || total
-------------------------+-------+-------++-------
Melee: Unarmed           |    11 |       ||    11
       Hand axe          |    10 |       ||    10
       Short sword       |    46 |    43 ||    89
       Mace              |       |    11 ||    11
       Dagger            |       |     4 ||     4
 Cast: Necrotise         |    25 |       ||    25
Invok: Berserk           |       |     2 ||     2
 Stab: Sleeping          |     7 |    12 ||    19
Armor: Robe              |    23 |     6 ||    29
       Ring mail         |       |    23 ||    23
Dodge: Dodged            |    60 |    40 ||   100
